 Dungeon Crawl Stone Soup version 0.30.1-4-g462c640d31 (webtiles) character file.

Game seed: 7118786864225660738

9392 krabocopter the Basher (level 11, -3/81 HPs)
             Began as a Formicid Fighter on Aug 24, 2023.
             Was a High Priest of Okawaru.
             Killed from afar by a wretched star (14 damage)
             ... with a lance of force
             ... on level 2 of the Abyss.
             The game lasted 00:39:44 (10971 turns).

krabocopter the Basher (Formicid Fighter)          Turns: 10971, Time: 00:39:44

Health: -3/81      AC: 16    Str: 27    XL:     11   Next: 73%
Magic:  13/14      EV:  9    Int:  4    God:    Okawaru [*****.]
Gold:   426        SH:  7    Dex:  9    Spells: 10/10 levels left

rFire   + . .        v - +5 flail (holy)
rCold   x x .        c - +0 buckler
rNeg    . . .        i - +0 ring mail {rF+}
rPois   .            (helmet unavailable)
rElec   .            g - +2 cloak
rCorr   .            (no gloves)
SInv    +            (no boots)
Will    +....        (no amulet)
Stlth   ++           h - +4 ring of protection
HPRegen 0.33/turn    I - +6 ring of strength
MPRegen 0.14/turn

%: no passive effects
@: heroic, constricted
A: permanent stasis, dig shafts and tunnels, antennae 3, four strong arms,
[clumsy 2], [dopey 2], [weak 2], [cold vulnerability 2]
a: Dig, Shaft Self, Renounce Religion, Heroism, Finesse, Duel


You were on level 2 of the Abyss.
You worshipped Okawaru.
Okawaru was extremely pleased with you.
You visited 1 branch of the dungeon, and saw 10 of its levels.
You visited the Abyss 1 time.

You collected 456 gold pieces.
You spent 30 gold pieces at shops.

Inventory:

Hand Weapons
 v - a +5 flail of holy wrath (weapon)
 y - a +1 heavy morningstar
 A - the +7 captain's cutlass {speed, disarm}
   (You found it on level 8 of the Dungeon)
 C - a +0 hand axe of flaming
 H - a +1 whip of flaming
 K - a +2 antimagic war axe
Missiles
 r - 2 throwing nets
Armour
 c - a +0 buckler (worn)
 g - a +2 cloak (worn)
 i - a +0 ring mail of fire resistance (worn)
Jewellery
 b - a ring of ice
 h - a +4 ring of protection (left hand)
 s - a ring of willpower
 x - a ring of positive energy
 B - a +6 ring of dexterity
 E - a ring of ice
 I - a +6 ring of strength (right hand)
Wands
 a - a wand of mindburst (8)
 D - a wand of flame (31)
 G - a wand of paralysis (3)
Scrolls
 e - 3 scrolls of fog
 m - 2 scrolls of amnesia {unknown}
 n - 3 scrolls of magic mapping {unknown}
 o - a scroll of silence {unknown}
 p - a scroll of fear {unknown}
 t - a scroll of butterflies {unknown}
 u - 2 scrolls of vulnerability {unknown}
 J - 3 scrolls of blinking {unknown}
Potions
 d - 4 potions of might
 f - 7 potions of curing
 j - 3 potions of lignification
 k - 3 potions of heal wounds
 l - a potion of cancellation
 q - a potion of mutation
 w - a potion of brilliance
 z - a potion of flight
 F - a potion of berserk rage {unknown}


   Skills:
 + Level 6.0(11.0) Fighting
 * Level 12.5(17.5) Maces & Flails
 + Level 9.8(14.8) Armour
 - Level 10.3(15.3) Shields
 + Level 4.2 Invocations


You had 10 spell levels left.
You didn't know any spells.
Your spell library contained the following spells:

 Spells                   Type           Power      Damage    Failure   Level
 Sandblast                Erth           0%         2d4       63%         1
 Passwall                 Tmut/Erth      0%         N/A       77%         2
 Scorch                   Fire           0%         2d5       77%         2
 Inner Flame              Hex/Fire       0%         N/A       94%         3
 Stone Arrow              Conj/Erth      0%         3d7       94%         3
 Flame Wave               Conj/Fire      0%         2d4       100%        4
 Yara's Violent Unravell  Hex/Tmut       0%         3d3       100%        5
 Enfeeble                 Hex            0%         N/A       100%        7
 Summon Cactus Giant      Summ           Unusable   N/A       N/A         6

Dungeon Overview and Level Annotations

Branches:
Dungeon (10/15)            Temple (0/1) D:7             Orc (0/2) D:9
   Lair: D:8-11

Altars:
Ashenzari
Dithmenos
Hepliaklqana
Kikubaaqudgha
Makhleb
Nemelex Xobeh
Okawaru
Qazlal
Sif Muna
Uskayaw
Wu Jian
Zin
The Shining One

Shops:
D:5 *

Annotations:
D:8 1 runed translucent door, dvd2's ghost, novice VSGl
D:9 exclusion: obsidian statue, Erolcha


Innate Abilities, Weirdness & Mutations

You cannot be hasted, slowed, berserked, paralysed or teleported.
You can dig through walls and to a lower floor.
You have a pair of large antennae on your head. (SInv)
Your four strong arms can wield two-handed weapons with a shield.
[You are very clumsy. (Dex -4)]
[You are very dopey. (Int -4)]
[You are very weak. (Str -4)]
[You are very vulnerable to cold. (rC--)]


Message History

You are knocked back by the lance of force.
You slam into the stone wall!
You sock the wretched star!
The wretched star is almost destroyed.
The water nymph changes into a swamp worm!
You closely miss the wretched star.
The wretched star is almost destroyed.
The wretched star glows turbulently.
The lance of force misses you.
Tentacles burst from the starspawn's body! 2 starspawn tentacles come into view.
You sock the wretched star!
The wretched star is almost destroyed.
The swamp worm changes into a redback!
You closely miss the wretched star.
The wretched star is almost destroyed.
A large abomination comes into view.
The tentacled starspawn bites you.
You block the tentacled starspawn's attack.
You block the starspawn tentacle's attack.
You barely miss the wretched star.
The wretched star is almost destroyed.
The wretched star pulses with an eldritch light!
You feel clumsy. x2
The tentacled starspawn bites you!
You block the tentacled starspawn's attack.
The starspawn tentacle barely misses you.
You barely miss the wretched star.
The wretched star is almost destroyed.
You closely miss the wretched star.
The wretched star is almost destroyed.
The tentacled starspawn bites you!
* * * LOW HITPOINT WARNING * * *
The tentacled starspawn tentacle-slaps you.
* * * LOW HITPOINT WARNING * * *
The starspawn tentacle grabs you. The starspawn tentacle constricts you.
* * * LOW HITPOINT WARNING * * *
The wretched star glows turbulently.
The lance of force hits you!
You die...

# #. #. #.#
.##..# # #
.....
#~###.
.#.#.# #
~~.
#.##...#
.~.#..#
....#
#.X..###*.#
#.wX@#{..#
#.#w.#. ..
# ...#####
#.# #...# #
..#. ## #


You could see a tentacled starspawn, a wretched star, a large abomination
(wandering) and 2 starspawn tentacles.

Vanquished Creatures
  A two-headed ogre (D:8)
  2 thrashing horrors (Abyss:2)
  Joseph (D:9)
  A smoke demon (Abyss:2)
  Maurice (D:9)
  A large abomination (Abyss:2)
  2 komodo dragons (D:8)
  A hornet (D:8)
  Grinder (D:3)
  3 wyverns
  A ynoxinul (Abyss:2)
  3 yaks (D:9)
  A shadow (D:9)
  A steam dragon (D:9)
  A spatial vortex (Abyss:2)
  Edmund (D:4)
  An acid dragon (D:9)
  A water moccasin (D:7)
  A swamp drake (D:8)
  Duvessa (D:4)
  A black bear (D:4)
  2 sky beasts
  2 orc warriors
  3 ice beasts
  An ogre (D:4)
  A centaur (D:9)
  A phantom (D:4)
  2 kobold brigands
  3 bullfrogs
  A gnoll sergeant (D:7)
  3 scorpions
  11 wights
  Dowan (D:4)
  6 killer bees (D:9)
  2 howler monkeys
  2 electric eels (D:8)
  A quasit (Abyss:2)
  A jelly (D:5)
  3 hounds
  3 orc priests
  2 sleepcaps (D:8)
  A gnoll bouda (D:9)
  4 iguanas
  6 orc wizards
  4 small abominations (Abyss:2)
  13 gnolls
  8 adders
  A shadow imp (D:5)
  2 white imps
  3 ufetubi
  A worm (D:2)
  2 dart slugs
  32 orcs
  7 bats
  8 endoplasms
  3 giant cockroaches
  3 goblins
  6 hobgoblins
  5 jackals
  A quokka (D:2)
  6 ball pythons
  4 frilled lizards
  16 kobolds
  6 rats
220 creatures vanquished.

Vanquished Creatures (others)
  2 gnolls (D:9)
2 creatures vanquished.

Grand Total: 222 creatures vanquished

Notes
Turn   | Place    | Note
-------+----------+-------------------------------------------
     0 | D:1      | krabocopter the Formicid Fighter began the quest for the
                  | Orb.
     0 | D:1      | Reached XP level 1. HP: 18/18 MP: 1/1
   174 | D:1      | Reached XP level 2. HP: 24/24 MP: 2/2
   354 | D:1      | Reached XP level 3. HP: 27/30 MP: 3/3
   362 | D:1      | Reached skill level 3 in Maces & Flails
   860 | D:2      | Reached XP level 4. HP: 30/37 MP: 4/4
  1608 | D:2      | Found a faded altar of an unknown god.
  1615 | D:2      | Prayed at the altar of an unknown god.
  1615 | D:2      | Became a worshipper of Warmaster Okawaru
  1615 | D:2      | Reached * piety under Okawaru
  1729 | D:3      | Reached XP level 5. HP: 37/42 MP: 5/5
  1753 | D:3      | Found a glowing golden altar of the Shining One.
  1754 | D:3      | Found a burning altar of Makhleb.
  2041 | D:3      | Noticed Grinder
  2062 | D:3      | Killed Grinder
  2063 | D:3      | Reached skill level 4 in Maces & Flails
  2063 | D:3      | Reached skill level 5 in Shields
  2063 | D:3      | Reached XP level 6. HP: 5/48 MP: 4/6
  2297 | D:3      | Reached skill level 5 in Maces & Flails
  2572 | D:3      | Reached ** piety under Okawaru
  2846 | D:4      | Reached XP level 7. HP: 50/53 MP: 7/7
  3145 | D:4      | Noticed Edmund
  3170 | D:4      | Killed Edmund
  3339 | D:4      | Reached skill level 6 in Maces & Flails
  3339 | D:4      | Reached skill level 1 in Invocations
  3429 | D:4      | Reached skill level 5 in Armour
  3505 | D:4      | Noticed Dowan
  3505 | D:4      | Noticed Duvessa
  3524 | D:5      | Entered Level 5 of the Dungeon
  3625 | D:5      | Reached XP level 8. HP: 50/60 MP: 8/8
  3826 | D:5      | Found an ancient bone altar of Kikubaaqudgha.
  3837 | D:5      | Found a stormy altar of Qazlal.
  3895 | D:5      | Found a shimmering blue altar of Sif Muna.
  3997 | D:5      | Reached *** piety under Okawaru
  4156 | D:5      | Found a shadowy altar of Dithmenos.
  4156 | D:5      | Found a glowing silver altar of Zin.
  4249 | D:5      | Reached skill level 7 in Maces & Flails
  4310 | D:5      | Found Ydatref's General Store.
  4355 | D:5      | Bought a scroll of identify for 30 gold pieces
  4470 | D:6      | Found an iron altar of Okawaru.
  4622 | D:6      | Reached XP level 9. HP: 47/65 MP: 9/9
  4626 | D:6      | Reached skill level 8 in Maces & Flails
  5129 | D:6      | Found a sparkling altar of Nemelex Xobeh.
  5441 | D:7      | Found a staircase to the Ecumenical Temple.
  5546 | D:7      | Reached **** piety under Okawaru
  5626 | D:7      | Reached skill level 9 in Maces & Flails
  5972 | D:7      | Found a broken altar of Ashenzari.
  5976 | D:7      | Saw a vision of the Shoals and the Spider Nest.
  5976 | D:7      | Noticed a snapping turtle
  5976 | D:7      | Noticed an entropy weaver
  5976 | D:7      | Noticed a merfolk siren
  5976 | D:7      | Noticed a tarantella
  5976 | D:7      | Noticed a boulder beetle
  5976 | D:7      | Noticed a skyshark
  5976 | D:7      | Noticed a skyshark
  5976 | D:7      | Noticed a snapping turtle
  5976 | D:7      | Noticed a kraken
  5976 | D:7      | Noticed a tarantella
  5976 | D:7      | Noticed a sea snake
  5976 | D:7      | Noticed a merfolk
  5976 | D:7      | Noticed a sea snake
  5977 | D:7      | Noticed a demonic crawler
  5977 | D:7      | Noticed a demonic crawler
  5978 | D:7      | Noticed a wolf spider
  5978 | D:7      | Noticed an entropy weaver
  6272 | D:8      | Noticed a two-headed ogre
  6281 | D:8      | Killed a two-headed ogre
  6282 | D:8      | Reached skill level 10 in Maces & Flails
  6282 | D:8      | Reached XP level 10. HP: 71/71 MP: 7/10
  6323 | D:8      | Found a runed translucent door.
  6324 | D:8      | Noticed dvd2's ghost (novice VSGl)
  6414 | D:8      | Noticed a +0 hand axe
  6424 | D:8      | Found the +7 captain's cutlass {speed, disarm}
  6483 | D:8      | Reached ***** piety under Okawaru
  6531 | D:8      | Found a hide-covered altar of Uskayaw.
  6532 | D:8      | Noticed a +0 hand axe
  6867 | D:8      | Noticed a komodo dragon
  6898 | D:8      | Killed a komodo dragon
  7123 | D:8      | Noticed a komodo dragon
  7124 | D:8      | Reached skill level 10 in Shields
  7379 | D:8      | Killed a komodo dragon
  7578 | D:9      | Noticed Joseph
  7725 | D:4      | Reached skill level 11 in Maces & Flails
  7909 | D:4      | Found an ornate altar of the Wu Jian Council.
  7935 | D:4      | Killed Duvessa
  7943 | D:4      | Killed Dowan
  8302 | D:8      | Noticed a faun
  8303 | D:8      | a faun changed into a shining eye
  8303 | D:8      | Noticed a shining eye (shapeshifter)
  8348 | D:9      | Found a staircase to the Orcish Mines.
  8702 | D:9      | Found a hazy altar of Hepliaklqana.
  8715 | D:9      | Reached XP level 11. HP: 61/78 MP: 11/11
  9225 | D:9      | Noticed an obsidian statue
  9437 | D:9      | Noticed Maurice
  9564 | D:9      | Killed Maurice
  9565 | D:9      | Reached skill level 5 in Fighting
  9653 | D:9      | Killed Joseph
  9815 | D:9      | Noticed Erolcha
 10112 | D:9      | Reached skill level 12 in Maces & Flails
 10135 | D:10     | Entered Level 10 of the Dungeon
 10689 | Abyss:2  | Found a corrupted altar of Lugonu.
 10689 | Abyss:2  | Cast into level 2 of the Abyss (Erolcha)
 10854 | Abyss:2  | Noticed a thrashing horror
 10854 | Abyss:2  | Noticed a thrashing horror
 10861 | Abyss:2  | Killed a thrashing horror
 10862 | Abyss:2  | Killed a thrashing horror
 10862 | Abyss:2  | Received a gift from Okawaru
 10945 | Abyss:2  | Noticed a tentacled starspawn
 10952 | Abyss:2  | Noticed a wretched star
 10968 | Abyss:2  | Noticed a large abomination
 10971 | Abyss:2  | Killed from afar by a wretched star

Illustrated notes

Levels and vault maps discovered:
D:1:      lemuel_arrival_tunnels, layout_basic, minmay_misc_feat_nine_boxes,
          minmay_pentomino_x2
D:2:      layout_basic, dilly_ecumenical_altar_fadedgnrine
D:3:      layout_loops_cross, nicolae_overflow_squiral, glass_columns_b,
          grunt_ministairs_7, uniq_grinder
D:4:      layout_basic, pdpol_wu_jian_five_deadly_venoms, uniq_duvessa,
          uniq_edmund
D:5:      layout_loops_cross, grunt_qazlal_sundering, overflow_temple_1_default,
          mainiacjoe_overflow_boulevard, amethyst_overflow_temple_binary,
          serial_shops, shop
D:6:      layout_loops_ring, okawaru_ov_weapons_minmay,
          nemelex_spade_bored_becter, grunt_ministairs_6, st_stairs_5
D:7:      layout_loops_ring, grunt_ashenzari_visionary
          [grunt_ashenzari_visionary_shoals, grunt_ashenzari_visionary_spider],
          temple_hall_moat
D:8:      layout_rooms, dancing_weapons_uskayaw, erik_lair_dragon,
          ebering_ghost_inner_flame, minmay_misc_feat_encased,
          kennysheep_small_spiral, abandoned_shop, dk_noncrumbling_2
D:9:      minmay_statue_hallways, layout_grid_maze,
          mainiacjoe_overflow_cross_hatched, orc_0_dummy, uniq_erolcha,
          uniq_joseph, uniq_maurice
D:10:     minmay_the_grid_triangle_9x9_recursive_2
          [minmay_the_grid_triangle_9x9_prize_center,
          minmay_the_grid_triangle_9x9_semitri,
          minmay_the_grid_triangle_9x9_sparse_checkered,
          minmay_the_grid_triangle_9x9_descending_squares], layout_basic,
          mainiacjoe_overflow_divided_tiny, enter_bailey_2,
          serial_bayou_lagoon_a
Abyss:2:  base: D:7, minivault_4

Skill      XL: |  1  2  3  4  5  6  7  8  9 10 11 |
---------------+----------------------------------+-----
Maces & Flails | 3 4 5 6 7 10 11 12 | 12.5
Armour         | 4 5 6 7 8 9 |  9.8
Shields        | 5 6 7 9 10 | 10.3
Invocations    | 1 4 |  4.2
Fighting       | 4 6 |  6.0

Action                     |  1- 3 |  4- 6 |  7- 9 | 10-12 || total
---------------------------+-------+-------+-------+-------++-------
  Melee: Flail             |    84 |   135 |   244 |   308 ||   771
         Cutlass           |       |       |       |    25 ||    25
         Morningstar       |       |       |       |    22 ||    22
 Invoke: Heroism           |       |     1 |     3 |     7 ||    11
Ability: Dig               |       |       |       |     3 ||     3
  Evoke: Wand              |       |       |       |     2 ||     2
    Use: Scroll            |       |     2 |     5 |     6 ||    13
         Potion            |       |     1 |     1 |     1 ||     3
 Armour: Scale mail        |    19 |       |       |       ||    19
         Ring mail         |    19 |    57 |    87 |   149 ||   312
  Dodge: Dodged            |    34 |    61 |    84 |   154 ||   333
  Block: Buckler           |    23 |    34 |    69 |   144 ||   270
